 Dungeon Crawl Stone Soup version 0.25-a0-161-gb7fd73da8f (webtiles) character file.

Game seed: 781435889895685022, levelgen mode: deterministic

78 Leeroy the Sneak (level 4, -3/54 HPs)
             Began as a Draconian Skald on Nov 21, 2019.
             Slain by Sigmund
             ... wielding a +0 scythe
              (5 damage)
             ... on level 2 of the Dungeon.
             The game lasted 00:06:35 (1388 turns).

Leeroy the Sneak (Draconian Skald)                  Turns: 1388, Time: 00:06:35

Health: -3/54      AC:  5    Str: 18    XL:     4   Next: 15%
Magic:  7/7        EV: 12    Int: 14    God:
Gold:   133        SH:  0    Dex: 11    Spells: 6/7 levels left

rFire    . . .     SeeInvis .   e - +1 short sword (vamp)
rCold    . . .     Gourm    .   (no shield)
rNeg     . . .     Faith    .   (armour unavailable)
rPois    .         Spirit   .   (helmet restricted)
rElec    .         Reflect  .   (no cloak)
rCorr    .         Harm     .   (no gloves)
MR       .....                  (no boots)
Stlth    ..........             (no amulet)
HPRegen  0.18/turn              (no ring)
MPRegen  0.10/turn              (no ring)

@: berserking (expiring), very quick
A: unfitting armour, cold-blooded, AC +5
a: no special abilities


You were on level 2 of the Dungeon.
You were not hungry.

You visited 1 branch of the dungeon, and saw 2 of its levels.

You collected 133 gold pieces.

Inventory:

Hand Weapons
 a - a +0 falchion
 e - a +1 vampiric short sword (weapon)
 f - a +0 dagger
Armour
 g - a +0 buckler
Scrolls
 d - a scroll of remove curse {unknown}
 i - a scroll of teleportation {unknown}
 j - a scroll of magic mapping {unknown}
Potions
 b - a potion of berserk rage
Comestibles
 c - 2 rations
 h - 7 chunks of flesh


   Skills:
 - Level 2.1 Fighting
 - Level 2.0 Long Blades
 - Level 2.1 Dodging
 + Level 3.8 Stealth
 - Level 2.0 Spellcasting
 - Level 2.6 Charms


You had 6 spell levels left.
You knew the following spells:

 Your Spells              Type           Power        Failure   Level  Hunger
a - Infusion              Chrm           #...         8%          1    ##.....

Your spell library contained the following spells:

 Spells                   Type           Power        Failure   Level  Hunger
 Song of Slaying          Chrm           #.......     12%         2    ###....
 Shroud of Golubria       Chrm/Tloc      #.....       21%         2    ###....
 Regeneration             Chrm/Necr      #.........   38%         3    ####...
 Spectral Weapon          Hex/Chrm       #.......     38%         3    ####...


Dungeon Overview and Level Annotations

Branches:
Dungeon (2/15)

Altars:

Annotations:
D:2 Sigmund


Innate Abilities, Weirdness & Mutations

Your plain brown scales are hard. (AC +5)
You cannot fit into any form of body armour.
You are cold-blooded and may be slowed by cold attacks.


Message History

It was a potion of berserk rage.
A red film seems to cover your vision as you go berserk!
You feel yourself moving faster!
You feel mighty!
You feel less confused. Something hits you.
* * * LOW HITPOINT WARNING * * *
You feel a strong urge to attack something.
You closely miss something.
Your tail-slap misses something.
Something hits you.
* * * LOW HITPOINT WARNING * * *
You puncture something!
You feel better.
You hit something but do no damage. Something hits you.
* * * LOW HITPOINT WARNING * * *
You miss something. You tail-slap something! You closely miss something.
You hear some strange, mumbled words.
Something tries to affect you, but you resist.
You completely miss something. You closely miss something. Something hits you.
You die...

#....#+#########.......#.#.
...............'...........
####.....##....#.......#.#.#
####..♣...#.##.####....#.#.## .#
.....♣_♣.....#.####....#.#..###..
###...♣...#..#...........#.....#
# ##.......#.#########.....#.#.##
## #.....#.######## #.#........#
.# #.....#.#....@.####.#...#.#..#
.# .... #.#.####{#....#........#
.# .... #.#.#..#.##.###...{....#
.# .... #.#....##.#.##........ ..
.....###.##......#...###'#### #.
.........#########.#.###.# ..
...................#.....# ..
.....#########.....####### ####
.........#.##


There were no monsters in sight!

Vanquished Creatures
  2 adders (D:1)
  2 dart slugs (D:1)
  5 bats (D:1)
  4 giant cockroaches
  7 goblins
  7 hobgoblins
  10 jackals
  4 kobolds (D:1)
  A quokka (D:2)
  A frilled lizard (D:1)
  5 rats (D:1)
48 creatures vanquished.

Notes
Turn   | Place    | Note
-------+----------+-------------------------------------------
     0 | D:1      | Leeroy the Draconian Skald began the quest for the Orb.
     0 | D:1      | Reached XP level 1. HP: 17/17 MP: 3/3
    39 | D:1      | Reached skill level 1 in Stealth
    52 | D:1      | Reached XP level 2. HP: 8/24 MP: 5/5
   150 | D:1      | Reached skill level 2 in Stealth
   386 | D:1      | Reached XP level 3. HP: 23/29 MP: 6/6
   496 | D:1      | Reached skill level 3 in Stealth
  1112 | D:2      | Reached XP level 4. HP: 25/36 MP: 7/7
  1267 | D:2      | Found a faded altar of an unknown god.
  1294 | D:2      | Noticed Sigmund
  1384 | D:2      | HP: 1/54 [something (3)]
  1388 | D:2      | Slain by Sigmund

Levels and vault maps discovered:
D:1:      sevenhm_arrival_forest_fort_large_4, layout_loops_cross,
          minmay_misc_feat_square, minmay_misc_feat_iff
D:2:      layout_basic, kennysheep_slug_shrine, first_ration,
          chequers_ecumenical_altar_simple, serial_glass, glass_columns_a,
          glass_columns_a, glass_columns_c, glass_columns_b, feat_on_display,
          item_on_display_a, chequers_serial_rivers_marsh, uniq_sigmund

Skill      XL: |  1  2  3 |
---------------+----------+-----
Stealth        | 1 2 3 |  3.8
Fighting       | |  2.1
Long Blades    | |  2.0
Dodging        | |  2.1
Spellcasting   | |  2.0
Charms         | |  2.6

Action                   |  1- 3 |  4- 6 || total
-------------------------+-------+-------++-------
Melee: Falchion          |    25 |       ||    25
       Tailslap          |    16 |     2 ||    18
       Short sword       |   119 |    43 ||   162
 Cast: Infusion          |     1 |       ||     1
  Use: Potion            |       |     1 ||     1
 Stab: Sleeping          |     3 |     1 ||     4
       Distracted        |     1 |       ||     1
  Eat: Chunk             |       |     2 ||     2
Armor: Skin              |    63 |    18 ||    81
Dodge: Dodged            |   105 |    36 ||   141
       Rpst.: Falchion   |     3 |       ||     3

Table legend:
 A = Non-vault XP
 B = Vault XP
 C = Vault XP percentage of total XP
 D = Non-vault monster count
 E = Vault monster count
 F = Vault count percentage of total count
                 A         B        C        D         E       F
            +---------+---------+-------+---------+---------+-------
      Total |     112 |       0 |   0.0 |      48 |       0 |   0.0
            +---------+---------+-------+---------+---------+-------
        D:1 |      88 |       0 |   0.0 |      36 |       0 |   0.0
        D:2 |      24 |       0 |   0.0 |      12 |       0 |   0.0
            +---------+---------+-------+---------+---------+-------
